[Event "DVM U16 2019"]
[Site "Magedburg"]
[Date "2019.12.28"]
[Round "3"]
[White "Engert, Kiyan"]
[Black "Lohvinov, Petro"]
[Result "0-1"]
[ECO "E68"]
[WhiteElo "1730"]
[BlackElo "2032"]
[Annotator "NA"]
[PlyCount "84"]
[EventDate "2019.12.27"]
[EventType "team-tourn"]
[EventRounds "7"]
[EventCountry "GER"]
[SourceTitle "playchess.com"]
[Source "ChessBase"]
[SourceQuality "1"]
[WhiteTeam "Biebertaler SF"]
[BlackTeam "SK München Südost"]
[WhiteTeamCountry "GER"]
[BlackTeamCountry "UKR"]
[TimeControl "40/5400+30:1800+30"]

1. d4 Nf6 2. c4 g6 3. Nf3 Bg7 4. g3 O-O 5. Bg2 d6 6. O-O Nbd7 7. Nc3 e5 8. e4 exd4 9. Nxd4 Re8 {unterminated} 10. h3 a6 {unterminated} 11. Kh2 {unterminated E68: King's Indian: Fianchetto: 6...Nbd7 7 0-0 e5 8 e4} (11. Be3 Rb8 12. b3 Nc5 13. Qc2 Bd7 14. b4 Ne6 15. Nb3 Qc8 16. Kh2 b5 17. c5 Nd8 18. Rad1 Nc6 19. a3 Ne5 {½-½ (53) Matlakov,M (2718)-Adhiban,B (2655) Wijk aan Zee 2018}) 11... Rb8 {unterminated} 12. f4 {unterminated} c5 13. Nc2 $146 ({Predecessor:} 13. Nf3 Nxe4 14. Nxe4 Rxe4 15. Qxd6 Qb6 16. Qd3 Nf6 17. Ne5 Rd4 18. Qb3 Qc7 {½-½ (60) Wiebe,P (1998)-Gross,D (2146) Bad Bevensen 1994}) 13... b5 14. cxb5 axb5 15. Qxd6 b4 16. e5 bxc3 17. bxc3 Nh5 {unterminated} 18. g4 Bf8 {unterminated} 19. Qd3 {unterminated} Ng7 20. Ne3 {unterminated} Nb6 {unterminated} 21. Qc2 {unterminated} c4 {unterminated} 22. a4 {unterminated} Bb7 {unterminated} 23. Bxb7 Rxb7 {unterminated} 24. Qe4 {unterminated} Rd7 {unterminated} 25. a5 {unterminated} Nd5 {unterminated} 26. Nxc4 {unterminated} Nxc3 {unterminated} 27. Qc2 {unterminated} Nb5 {unterminated} 28. Be3 {unterminated} Ne6 29. a6 Ned4 {unterminated} 30. Qb2 {unterminated} Re6 $4 (30... Bc5 $19 31. Ra5 Rd5) 31. Bxd4 $1 Nxd4 {unterminated} 32. a7 {unterminated} Qa8 33. Nb6 {unterminated} Rb7 34. Nxa8 Rxb2+ {unterminated} 35. Kh1 Nb5 {unterminated} 36. Rfc1 {unterminated} Re8 (36... Re7 $5 37. Nc7 $8 Nxa7 $11) 37. Nc7 Nxc7 38. Rxc7 Ra8 39. Rd1 {unterminated} Rf2 40. Rb1 {unterminated} Ra2 $1 {unterminated} 41. Rbb7 {unterminated} Rd8 42. Rb1 $17 (42. Rd7 $11 Re8 43. g5 (43. Rxf7 g5 $11)) 42... Rd3 {normal} 0-1

[Event "DVM U16 2019"]
[Site "Magedburg"]
[Date "2019.12.28"]
[Round "3"]
[White "Peschel, Julia"]
[Black "Ponomarev, Maximilian"]
[Result "0-1"]
[ECO "B22"]
[WhiteElo "1384"]
[BlackElo "2046"]
[Annotator "NA RC"]
[PlyCount "82"]
[EventDate "2019.12.27"]
[EventType "team-tourn"]
[EventRounds "7"]
[EventCountry "GER"]
[SourceTitle "playchess.com"]
[Source "ChessBase"]
[SourceQuality "1"]
[WhiteTeam "Biebertaler SF"]
[BlackTeam "SK München Südost"]
[WhiteTeamCountry "GER"]
[BlackTeamCountry "GER"]
[TimeControl "40/5400+30:1800+30"]

1. e4 c5 2. c3 d5 3. exd5 Qxd5 4. d4 Nf6 5. Nf3 e6 6. Be3 Be7 7. dxc5 Qxd1+ 8. Kxd1 O-O {unterminated} 9. b4 a5 {unterminated} 10. Bc4 Ng4 {unterminated} 11. Bd4 (11. Nbd2 $11) 11... Nc6 12. Ke2 axb4 13. Rd1 e5 14. Be3 Nxe3 15. fxe3 e4 16. Nd4 Bg4+ 17. Ke1 Bxd1 18. Kxd1 bxc3 19. Nxc3 Rad8 20. Ke2 Nxd4+ 21. exd4 Rxd4 {unterminated} 22. Bd5 Bf6 {unterminated} 23. Rd1 {unterminated} Rxd1 24. Nxd1 {unterminated} Bd4 {unterminated} 25. Bxb7 {unterminated} Bxc5 26. Bxe4 Bd4 {unterminated} 27. a4 {unterminated} Bb6 {unterminated} 28. Nb2 Re8 {unterminated} 29. Kf3 Rc8 {unterminated} 30. Bd5 {unterminated} Rc5 31. Ke4 {unterminated} Rc2 32. Nc4 Bg1 {unterminated} 33. Ne3 $19 (33. Kd3 {is a better chance.} Ra2 34. a5) 33... Re2 34. Bc6 Rxe3+ 35. Kf4 Rc3 36. Bb5 Bxh2+ 37. Ke4 Rg3 38. Kd4 Rxg2 39. a5 Bg1+ 40. Kc4 Rg5 41. a6 Rxb5 {normal} 0-1

[Event "DVM U16 2019"]
[Site "Magedburg"]
[Date "2019.12.28"]
[Round "4"]
[White "Nguyen, Alex Dac-Vuong"]
[Black "Huber, Benedikt"]
[Result "1/2-1/2"]
[ECO "B44"]
[WhiteElo "2409"]
[BlackElo "2133"]
[Annotator "ChessBase"]
[PlyCount "99"]
[EventDate "2019.12.27"]
[EventType "team-tourn"]
[EventRounds "7"]
[EventCountry "GER"]
[SourceTitle "playchess.com"]
[Source "ChessBase"]
[SourceQuality "1"]
[WhiteTeam "SG Leipzig"]
[BlackTeam "SK München Südost"]
[WhiteTeamCountry "GER"]
[BlackTeamCountry "GER"]
[TimeControl "40/5400+30:1800+30"]

1. e4 c5 2. Nf3 e6 3. d4 cxd4 4. Nxd4 Nc6 5. Nb5 d6 6. c4 Nf6 7. N1c3 a6 8. Na3 Be7 9. Be2 O-O 10. O-O b6 11. Be3 Bb7 12. Qb3 Nd7 13. Rfd1 Nc5 14. Qc2 Bf6 15. f3 Qe7 16. Rac1 Rac8 17. Qd2 Rfd8 18. Nc2 a5 19. Na1 Ba6 20. Bf1 Qc7 21. Nb3 Nxb3 22. axb3 Nb4 23. Na4 Rb8 24. Qf2 Qc6 25. Bxb6 Rd7 26. Be3 Rdb7 27. Nc3 Qc7 28. Nb5 Bxb5 29. cxb5 Qe7 30. Qd2 d5 31. Bc5 Qe8 32. Bd6 Rc8 33. e5 Rxc1 34. Rxc1 Bd8 35. Qd4 h6 36. Bc5 Qd7 37. f4 g6 38. g3 Kg7 39. Kg2 h5 40. Be2 h4 41. Qf2 hxg3 42. hxg3 Be7 43. b6 Bd8 44. g4 d4 45. Bxd4 Nd5 46. g5 Bxb6 47. Bxb6 Rxb6 48. Bc4 Qb7 49. Kg3 Ne7 50. Kg4 {[%emt 0:02:37] normal} 1/2-1/2

[Event "DVM U16 2019"]
[Site "Magedburg"]
[Date "2019.12.28"]
[Round "4"]
[White "Köllner, Ruben Gideon"]
[Black "Post, Hugo"]
[Result "1-0"]
[ECO "A45"]
[WhiteElo "2330"]
[BlackElo "2181"]
[Annotator "NA"]
[PlyCount "45"]
[EventDate "2019.12.27"]
[EventType "team-tourn"]
[EventRounds "7"]
[EventCountry "GER"]
[SourceTitle "playchess.com"]
[Source "ChessBase"]
[SourceQuality "1"]
[WhiteTeam "SG Bochum"]
[BlackTeam "Reideburger SV 90 Halle"]
[BlackTeamCountry "GER"]
[TimeControl "40/5400+30:1800+30"]

1. d4 Nf6 2. Bg5 Ne4 3. Bf4 d5 4. e3 c5 5. Bd3 Nf6 6. c3 Nc6 7. Nd2 Qb6 8. Rb1 Bg4 9. Ngf3 e6 10. Qa4 Be7 11. Ne5 O-O 12. Bg5 cxd4 13. cxd4 Nb4 14. O-O Nxd3 15. Bxf6 gxf6 16. Nxg4 Rac8 17. Qd1 f5 18. Nh6+ Kg7 19. Qh5 Qd8 20. f4 Rc2 21. Rf3 Rxd2 22. Rh3 Rg8 23. Rg3+ {[%emt 0:00:52] normal} 1-0

[Event "DVM U16 2019"]
[Site "Magedburg"]
[Date "2019.12.28"]
[Round "4"]
[White "Woelk, Tom-Frederic"]
[Black "Koll, Linus"]
[Result "1-0"]
[ECO "A69"]
[WhiteElo "2245"]
[BlackElo "1987"]
[Annotator "NA"]
[PlyCount "63"]
[EventDate "2019.12.27"]
[EventType "team-tourn"]
[EventRounds "7"]
[EventCountry "GER"]
[SourceTitle "playchess.com"]
[Source "ChessBase"]
[SourceQuality "1"]
[WhiteTeam "Hamburger SK"]
[BlackTeam "Karlsruher SF"]
[WhiteTeamCountry "GER"]
[BlackTeamCountry "GER"]
[TimeControl "40/5400+30:1800+30"]

1. d4 Nf6 2. c4 g6 3. Nc3 Bg7 4. e4 d6 5. f4 O-O 6. Nf3 c5 7. d5 e6 8. Be2 exd5 9. cxd5 Re8 10. e5 dxe5 11. fxe5 Ng4 12. e6 fxe6 13. Bg5 Qb6 14. Qd2 Bxc3 15. bxc3 exd5 16. O-O c4+ 17. Nd4 Nc6 18. Qf4 Bf5 19. Bf3 Nxd4 20. cxd4 Ne3 21. g4 Nxf1 22. gxf5 Ne3 23. f6 Qe6 24. Re1 Qf5 25. Rxe3 Qxf4 26. Bxd5+ Kh8 27. Rxe8+ Rxe8 28. Bxf4 Rd8 29. Be5 h6 30. Bxc4 g5 31. f7+ Kh7 32. Bd3# {[%emt 0:00:37] normal} 1-0

[Event "DVM U16 2019"]
[Site "Magedburg"]
[Date "2019.12.28"]
[Round "4"]
[White "Dietz, Florian"]
[Black "Biermann, Florian"]
[Result "1-0"]
[ECO "B98"]
[WhiteElo "2116"]
[BlackElo "2044"]
[Annotator "ChessBase"]
[PlyCount "118"]
[EventDate "2019.12.27"]
[EventType "team-tourn"]
[EventRounds "7"]
[EventCountry "GER"]
[SourceTitle "playchess.com"]
[Source "ChessBase"]
[SourceQuality "1"]
[WhiteTeam "Reideburger SV 90 Halle"]
[BlackTeam "SG Bochum"]
[WhiteTeamCountry "GER"]
[BlackTeamCountry "GER"]
[TimeControl "40/5400+30:1800+30"]

1. e4 c5 2. Nf3 d6 3. d4 cxd4 4. Nxd4 Nf6 5. Nc3 a6 6. Bg5 e6 7. f4 h6 8. Bh4 Be7 9. Qf3 Qc7 10. O-O-O Nbd7 11. Bd3 g5 12. fxg5 Ne5 13. Qe2 Nfg4 14. Nf3 Nxf3 15. gxf3 hxg5 16. Be1 Ne5 17. Bd2 Ng6 18. Kb1 b5 19. Qf2 Bb7 20. Be3 Bc6 21. Ne2 Qb7 22. Rhg1 Rh5 23. f4 gxf4 24. Nxf4 Nxf4 25. Bxf4 O-O-O 26. Bd2 Rf8 27. Bb4 a5 28. Be2 Re5 29. Bxd6 Rxe4 30. Qc5 Rxe2 31. Bxe7 Re5 32. Qxe5 Qxe7 33. Rd6 Kb7 34. Rgd1 Qc7 35. Qc5 Rh8 36. a3 Rxh2 37. Rxc6 Qxc6 38. Qe7+ Qc7 39. Rd7 Rxc2 40. Qxf7 Rc1+ 41. Ka2 a4 42. Qxe6 Rc6 43. Rxc7+ Kxc7 44. Qe3 Kb7 45. Qd3 Rc4 46. Kb1 Kb6 47. Qd5 Ka6 48. Qa8+ Kb6 49. Qd8+ Kb7 50. Qa5 Kc6 51. Qa6+ Kc5 52. Qb7 Rd4 53. Qc7+ Kd5 54. Qb6 Kc4 55. Qc6+ Kd3 56. Qxb5+ Kd2 57. Qb4+ Kd3 58. Qc3+ Ke4 59. b4 Kd5 {normal} 1-0

[Event "DVM U16 2019"]
[Site "Magedburg"]
[Date "2019.12.28"]
[Round "4"]
[White "Biermann, Lenhard"]
[Black "Henning, Marvin"]
[Result "1/2-1/2"]
[ECO "A40"]
[WhiteElo "2098"]
[BlackElo "1972"]
[Annotator "NA"]
[PlyCount "264"]
[EventDate "2019.12.27"]
[EventType "team-tourn"]
[EventRounds "7"]
[EventCountry "GER"]
[SourceTitle "playchess.com"]
[Source "ChessBase"]
[SourceQuality "1"]
[WhiteTeam "SG Bochum"]
[BlackTeam "Reideburger SV 90 Halle"]
[WhiteTeamCountry "GER"]
[BlackTeamCountry "GER"]
[TimeControl "40/5400+30:1800+30"]

1. d4 g6 2. Bf4 Bg7 3. Nc3 a6 4. e3 b5 5. Nf3 Bb7 6. Bd3 Nf6 7. O-O O-O 8. a4 c6 9. Nb1 d6 10. Nbd2 Nbd7 11. Qe2 Re8 12. Bg3 e5 13. dxe5 Nxe5 14. Nxe5 dxe5 15. e4 Nh5 16. Rfd1 Nf4 17. Qf1 Qd4 18. Ra2 Rad8 19. Nf3 Qc5 20. Bh4 Rd6 21. Be2 Nxe2+ 22. Qxe2 Qc4 23. Qxc4 Rxd1+ 24. Qf1 Rxf1+ 25. Kxf1 f5 26. Ra1 h6 27. exf5 g5 28. Bg3 e4 29. Nd2 Bxb2 30. Re1 bxa4 31. Nxe4 Kh8 32. f6 a3 33. f7 Rf8 34. Nd2 a2 35. Nb3 Rxf7 36. Be5+ Bxe5 37. Rxe5 c5 38. Rxc5 Be4 39. Ra5 Bxc2 40. Nc1 Rc7 41. Nxa2 Bb3 42. Nb4 Re7 43. f3 Kg7 44. Kf2 Bc4 45. Kg3 Re6 46. Rc5 Bb5 47. h4 gxh4+ 48. Kxh4 Bf1 49. g4 Be2 50. Kg3 Rf6 51. f4 Rg6 52. g5 hxg5 53. fxg5 Rd6 54. Nd5 Bh5 55. Rc7+ Bf7 56. Nf4 Kf8 57. Kg4 Rb6 58. Ra7 Kg8 59. Nd3 Rb3 60. Nf4 Rb6 61. Rc7 Kf8 62. Rc8+ Kg7 63. Ra8 Be6+ 64. Kh5 Bf7+ 65. Kh4 Rb4 66. Kg3 Rb6 67. Ra7 Kf8 68. Kg4 Be6+ 69. Kh5 Bf7+ 70. g6 Bxg6+ 71. Nxg6+ Ke8 72. Kg5 Kd8 73. Kf5 Kc8 74. Ne5 Kb8 75. Rh7 Rb7 76. Rh6 a5 77. Ke4 a4 78. Nc4 Ra7 79. Rh3 Rg7 80. Ra3 Kc7 81. Rxa4 Rg1 82. Ra6 Rc1 83. Kd5 Rd1+ 84. Kc5 Kd7 85. Ne5+ Ke7 86. Nf3 Rh1 87. Kd5 Rf1 88. Nd4 Re1 89. Nf5+ Kf7 90. Ng3 Ke7 91. Ne4 Rd1+ 92. Ke5 Kd7 93. Nf6+ Kc7 94. Nd5+ Kb7 95. Rb6+ Ka7 96. Rb2 Rh1 97. Kd6 Rc1 98. Nb4 Rh1 99. Nd5 Rc1 100. Rb3 Rh1 101. Kc6 Rh6+ 102. Kc5 Rh5 103. Rb2 Rg5 104. Kc6 Rg6+ 105. Kc7 Rg7+ 106. Kc6 Rg6+ 107. Kd7 Rg1 108. Ne7 Ka6 109. Nc8 Rc1 110. Nd6 Rd1 111. Kc6 Rc1+ 112. Kd5 Rd1+ 113. Kc5 Rc1+ 114. Nc4 Ka7 115. Rb3 Rh1 116. Kc6 Rg1 117. Ne5 Rc1+ 118. Kd6 Ka6 119. Nd3 Rh1 120. Nf4 Rd1+ 121. Nd5 Rh1 122. Kc5 Rc1+ 123. Nc3 Rh1 124. Nb5 Rc1+ 125. Nc3 Rh1 126. Ne4 Rc1+ 127. Kd5 Rh1 128. Rb2 Ka7 129. Kc6 Rg1 130. Rb7+ Ka8 131. Rb5 Ka7 132. Nc5 Rc1 {normal} 1/2-1/2

[Event "DVM U16 2019"]
[Site "Magedburg"]
[Date "2019.12.28"]
[Round "4"]
[White "Bethke, Robert"]
[Black "Stirnberg, Noah"]
[Result "1-0"]
[ECO "E18"]
[WhiteElo "2046"]
[BlackElo "1877"]
[Annotator "NA"]
[PlyCount "85"]
[EventDate "2019.12.27"]
[EventType "team-tourn"]
[EventRounds "7"]
[EventCountry "GER"]
[SourceTitle "playchess.com"]
[Source "ChessBase"]
[SourceQuality "1"]
[WhiteTeam "SF Neuberg"]
[BlackTeam "SK BS Paderborn"]
[WhiteTeamCountry "GER"]
[TimeControl "40/5400+30:1800+30"]

1. c4 Nf6 2. Nc3 e6 3. Nf3 b6 4. g3 Bb7 5. Bg2 Be7 6. d4 O-O 7. O-O d6 8. Re1 Nbd7 9. b3 c5 10. e3 Ne4 11. Nxe4 Bxe4 12. Bb2 Bf6 13. Qd2 Qc7 14. Red1 Rfd8 15. Rac1 Qb7 16. Ne1 Bxg2 17. Nxg2 Kf8 18. dxc5 dxc5 19. Bxf6 Nxf6 20. Qxd8+ Rxd8 21. Rxd8+ Ke7 22. Rcd1 Qf3 23. Ne1 Qh5 24. R8d3 Ng4 25. Nf3 Qf5 26. e4 Qh5 27. Kg2 Ne5 28. Nxe5 Qxe5 29. Rd7+ Kf6 30. f3 Qb2+ 31. R1d2 Qc3 32. f4 Qe3 33. e5+ Kg6 34. h4 Kh5 35. Kh2 Kg6 36. Rg2 f6 37. Re7 Qe4 38. Rxe6 Kf7 39. Rd6 fxe5 40. fxe5 Qxe5 41. Rd7+ Kg6 42. Rxa7 Kh6 43. Rd7 {normal} 1-0

[Event "DVM U16 2019"]
[Site "Magedburg"]
[Date "2019.12.28"]
[Round "4"]
[White "Ponomarev, Maximilian"]
[Black "Mücka, Cedric"]
[Result "1-0"]
[ECO "B54"]
[WhiteElo "2046"]
[BlackElo "1559"]
[Annotator "NA"]
[PlyCount "69"]
[EventDate "2019.12.27"]
[EventType "team-tourn"]
[EventRounds "7"]
[EventCountry "GER"]
[SourceTitle "playchess.com"]
[Source "ChessBase"]
[SourceQuality "1"]
[WhiteTeam "SK München Südost"]
[BlackTeam "SG Leipzig"]
[WhiteTeamCountry "GER"]
[TimeControl "40/5400+30:1800+30"]

1. e4 c5 2. Nf3 d6 3. d4 cxd4 4. Nxd4 Nf6 5. f3 g6 6. c4 Bg7 7. Nc3 O-O 8. Be3 Nc6 9. Be2 Nxd4 10. Bxd4 Be6 11. O-O Nd7 12. Bxg7 Kxg7 13. Kh1 f6 14. f4 Rc8 15. b3 Qa5 16. Rc1 a6 17. Qe1 b5 18. f5 Bf7 19. fxg6 hxg6 20. Bg4 Rc7 21. Bxd7 Rxd7 22. cxb5 axb5 23. Rf3 Rc8 24. Rd1 Rdc7 25. Rdd3 Rc5 26. g4 R8c7 27. Kg2 d5 28. Qe3 dxe4 29. Rh3 g5 30. Nxe4 Bd5 31. Kg3 Bxe4 32. Qxe4 f5 33. gxf5 Rc3 34. Qe5+ Kf7 35. Qe6+ {[%emt 0:00:20] normal} 1-0

[Event "DVM U16 2019"]
[Site "Magedburg"]
[Date "2019.12.28"]
[Round "4"]
[White "Lohvinov, Petro"]
[Black "Haufe, Laurin"]
[Result "1-0"]
[ECO "B90"]
[WhiteElo "2032"]
[BlackElo "2022"]
[Annotator "NA"]
[PlyCount "35"]
[EventDate "2019.12.27"]
[EventType "team-tourn"]
[EventRounds "7"]
[EventCountry "GER"]
[SourceTitle "playchess.com"]
[Source "ChessBase"]
[SourceQuality "1"]
[WhiteTeam "SK München Südost"]
[BlackTeam "SG Leipzig"]
[WhiteTeamCountry "UKR"]
[BlackTeamCountry "GER"]
[TimeControl "40/5400+30:1800+30"]

1. e4 c5 2. Nf3 d6 3. d4 cxd4 4. Nxd4 Nf6 5. Nc3 a6 6. Be3 e5 7. Nb3 Be6 8. f3 Be7 9. Qd2 b5 10. O-O-O O-O 11. g4 Nbd7 12. g5 Nh5 13. Ne2 a5 14. Ng3 Nf4 15. Bxb5 a4 16. Nd4 Bxg5 17. Nxe6 {[%emt 0:02:39] normal} Nxe6 18. Bxg5 1-0

[Event "DVM U16 2019"]
[Site "Magedburg"]
[Date "2019.12.28"]
[Round "4"]
[White "Hundrieser, Malte"]
[Black "Gluma, Christian"]
[Result "1-0"]
[ECO "B06"]
[WhiteElo "2003"]
[BlackElo "1856"]
[Annotator "NA"]
[PlyCount "61"]
[EventDate "2019.12.27"]
[EventType "team-tourn"]
[EventRounds "7"]
[EventCountry "GER"]
[SourceTitle "playchess.com"]
[Source "ChessBase"]
[SourceQuality "1"]
[WhiteTeam "Reideburger SV 90 Halle"]
[BlackTeam "SG Bochum"]
[WhiteTeamCountry "GER"]
[TimeControl "40/5400+30:1800+30"]

1. e4 g6 2. d4 Bg7 3. Nc3 c6 4. Nf3 d5 5. Be2 dxe4 6. Nxe4 Nd7 7. O-O Ngf6 8. Ng3 O-O 9. c4 Qc7 10. b3 e5 11. dxe5 Nxe5 12. Bb2 Nfg4 13. Nd4 Rd8 14. Qc2 h5 15. Bxg4 Bxg4 16. Rae1 h4 17. Nge2 h3 18. f4 hxg2 19. Kxg2 c5 20. fxe5 cxd4 21. Nxd4 Bxe5 22. Qe4 Bxd4 23. Bxd4 Qd7 24. Rf4 Re8 25. Be5 Bf5 26. Qd5 Qe7 27. Rxf5 gxf5 28. Re3 f4 29. Bxf4 Qh4 30. Rg3+ Kh8 31. Be5+ {[%emt 0:02:45] normal} 1-0

[Event "DVM U16 2019"]
[Site "Magedburg"]
[Date "2019.12.28"]
[Round "4"]
[White "Fidlin, Simon"]
[Black "Kotyk, Michael"]
[Result "1/2-1/2"]
[ECO "C76"]
[WhiteElo "1907"]
[BlackElo "2103"]
[Annotator "NA"]
[PlyCount "54"]
[EventDate "2019.12.27"]
[EventType "team-tourn"]
[EventRounds "7"]
[EventCountry "GER"]
[SourceTitle "playchess.com"]
[Source "ChessBase"]
[SourceQuality "1"]
[WhiteTeam "Karlsruher SF"]
[BlackTeam "Hamburger SK"]
[BlackTeamCountry "GER"]
[TimeControl "40/5400+30:1800+30"]

1. e4 e5 2. Nf3 Nc6 3. Bb5 a6 4. Ba4 d6 5. c3 Bd7 6. d4 g6 7. O-O Bg7 8. Re1 Nf6 9. Nbd2 O-O 10. Bb3 exd4 11. cxd4 Bg4 12. h3 Bxf3 13. Nxf3 Re8 14. Qd3 Na5 15. Bc2 c5 16. d5 b5 17. Rb1 c4 18. Qd1 Nb7 19. Nd4 Nc5 20. Nc6 Qb6 21. Bf4 Nfxe4 22. Qf3 f5 23. g4 Kh8 24. gxf5 gxf5 25. Kh2 Qc7 26. Be3 Qf7 27. Rg1 Rg8 {normal} 1/2-1/2

[Event "DVM U16 2019"]
[Site "Magedburg"]
[Date "2019.12.28"]
[Round "4"]
[White "Wang, Ruiming"]
[Black "Costa, Leonardo"]
[Result "0-1"]
[ECO "C55"]
[WhiteElo "1808"]
[BlackElo "2048"]
[Annotator "NA"]
[PlyCount "86"]
[EventDate "2019.12.27"]
[EventType "team-tourn"]
[EventRounds "7"]
[EventCountry "GER"]
[SourceTitle "playchess.com"]
[Source "ChessBase"]
[SourceQuality "1"]
[WhiteTeam "SG Leipzig"]
[BlackTeam "SK München Südost"]
[WhiteTeamCountry "GER"]
[BlackTeamCountry "GER"]
[TimeControl "40/5400+30:1800+30"]

1. e4 e5 2. Nf3 Nc6 3. d4 exd4 4. Bc4 Nf6 5. e5 Ng4 6. O-O Be7 7. Re1 d6 8. exd6 cxd6 9. Bg5 Nge5 10. Bxe7 Qxe7 11. Na3 O-O 12. Nxd4 Nxd4 13. Qxd4 Qg5 14. Bd5 Be6 15. f4 Qg4 16. h3 Qh4 17. Rad1 Ng6 18. Bxe6 fxe6 19. Rxe6 Nxf4 20. Re3 Qg5 21. Rd2 h5 22. Rf2 Rf6 23. Kh2 h4 24. Ref3 Raf8 25. Qc4+ d5 26. Qf1 Qe5 27. Kh1 Nh5 28. Kg1 Ng3 29. Qd1 Rxf3 30. gxf3 Qxb2 31. Nb1 Qe5 32. Nd2 Rf6 33. f4 Rxf4 34. Nf3 Qe6 35. Ng5 Qe5 36. Nf3 Qf5 37. Nxh4 Qe4 38. Nf3 Kh8 39. Kh2 Nf5 40. Kg1 d4 41. Ng5 Qe3 42. Qh5+ Nh6 43. Nf3 Rf5 {[%emt 0:00:59] normal} 0-1

[Event "DVM U16 2019"]
[Site "Magedburg"]
[Date "2019.12.28"]
[Round "4"]
[White "Klaas, Heiko"]
[Black "Kravtsov, Maksim"]
[Result "1/2-1/2"]
[ECO "C07"]
[WhiteElo "1759"]
[BlackElo "1784"]
[Annotator "NA"]
[PlyCount "62"]
[EventDate "2019.12.27"]
[EventType "team-tourn"]
[EventRounds "7"]
[EventCountry "GER"]
[SourceTitle "playchess.com"]
[Source "ChessBase"]
[SourceQuality "1"]
[WhiteTeam "Hamburger SK"]
[BlackTeam "Karlsruher SF"]
[WhiteTeamCountry "GER"]
[BlackTeamCountry "RUS"]
[TimeControl "40/5400+30:1800+30"]

1. e4 e6 2. d4 d5 3. Nd2 c5 4. exd5 Qxd5 5. dxc5 Bxc5 6. Ngf3 Nf6 7. Bc4 Qh5 8. O-O Bd7 9. Nb3 Bc6 10. Nxc5 Qxc5 11. b3 Nbd7 12. Nd4 Nb6 13. Nxc6 Qxc6 14. Bd3 O-O-O 15. Bb2 Nbd5 16. Qf3 Nb4 17. Be2 Qxf3 18. Bxf3 Kb8 19. c4 Nd3 20. Bc3 e5 21. g3 Rhe8 22. Rad1 e4 23. Bg2 h5 24. Rd2 Ng4 25. Bxg7 f5 26. h3 e3 27. fxe3 Nxe3 28. Rb1 Rg8 29. Bf6 Rd7 30. Kh2 Rg6 31. Bc3 h4 {[%emt 0:01:33] normal} 1/2-1/2

[Event "DVM U16 2019"]
[Site "Magedburg"]
[Date "2019.12.28"]
[Round "4"]
[White "Möller, Maurin"]
[Black "Baranyai-Molnar, Adam-Kristof"]
[Result "1-0"]
[ECO "B23"]
[WhiteElo "1629"]
[BlackElo "1756"]
[Annotator "NA"]
[PlyCount "69"]
[EventDate "2019.12.27"]
[EventType "team-tourn"]
[EventRounds "7"]
[EventCountry "GER"]
[SourceTitle "playchess.com"]
[Source "ChessBase"]
[SourceQuality "1"]
[WhiteTeam "SK BS Paderborn"]
[BlackTeam "SF Neuberg"]
[TimeControl "40/5400+30:1800+30"]

1. e4 c5 2. Nc3 e6 3. f4 d5 4. e5 Nc6 5. Nf3 Nge7 6. Be2 a6 7. a4 Nf5 8. O-O h5 9. Re1 h4 10. Bf1 h3 11. g3 c4 12. d3 Qb6+ 13. Kh1 Bc5 14. Re2 Ncd4 15. Re1 Nxf3 16. Qxf3 Bd7 17. a5 Qa7 18. dxc4 d4 19. Ne4 Bc6 20. Bd3 O-O-O 21. Bd2 Ne3 22. b4 Ng2 23. Reb1 f5 24. exf6 gxf6 25. bxc5 f5 26. Rb6 Qb8 27. Rab1 Qc7 28. Nd6+ Rxd6 29. cxd6 Bxf3 30. dxc7 Nxf4+ 31. Kg1 Nxd3 32. cxd3 Re8 33. Re1 e5 34. Bf4 e4 35. Rd6 {normal} 1-0

[Event "DVM U16 2019"]
[Site "Magedburg"]
[Date "2019.12.28"]
[Round "4"]
[White "Emmerich, Julian"]
[Black "Klahold, Rona"]
[Result "1-0"]
[ECO "C44"]
[WhiteElo "1270"]
[BlackElo "1541"]
[Annotator "NA"]
[PlyCount "89"]
[EventDate "2019.12.27"]
[EventType "team-tourn"]
[EventRounds "7"]
[EventCountry "GER"]
[SourceTitle "playchess.com"]
[Source "ChessBase"]
[SourceQuality "1"]
[WhiteTeam "SF Neuberg"]
[BlackTeam "SK BS Paderborn"]
[TimeControl "40/5400+30:1800+30"]

1. e4 e5 2. Nf3 Nc6 3. d4 exd4 4. Nxd4 Qh4 5. Nc3 Bb4 6. Be2 Qxe4 7. Ndb5 Kd8 8. O-O Bxc3 9. Nxc3 Qd4 10. Bd3 d6 11. Nb5 Qf6 12. Re1 Nge7 13. Bd2 Bf5 14. Bc3 Qg6 15. Re3 Nd5 16. Bxf5 Nxe3 17. Bxg6 Nxd1 18. Bxg7 Rg8 19. Bf6+ Ne7 20. Bxh7 Re8 21. Rxd1 Kd7 22. Bxe7 Rxe7 23. Bf5+ Kc6 24. Nd4+ Kb6 25. Kf1 Rae8 26. Nf3 Kc5 27. Re1 Rxe1+ 28. Nxe1 Kd5 29. Nd3 c5 30. f4 c4 31. Ne1 Kd4 32. Kf2 c3 33. b3 Re7 34. h4 Rc7 35. h5 Kc5 36. Nd3+ Kb5 37. h6 a5 38. h7 a4 39. h8=Q axb3 40. axb3 b6 41. Qf6 Ra7 42. Qxd6 Ra2 43. Bd7+ Ka6 44. Nb4+ Ka7 45. Qc7+ {[%emt 0:00:47] normal Ra5} 1-0